[Event "FIDE WSTC Open 50 2025"]
[Site "Prague"]
[Date "2025.02.18"]
[Round "2.20"]
[White "Findlay, Ian T."]
[Black "Min, Valeriy"]
[Result "0-1"]
[Annotator "TA"]
[ECO "C63"]
[WhiteElo "2089"]
[BlackElo "2273"]
[PlyCount "88"]
[EventDate "2025.02.17"]
[EventType "team-tourn"]
[EventCountry "CZE"]
[SourceTitle "playchess.com"]
[Source "ChessBase"]
[SourceQuality "1"]
[TimeControl "40/5400+30:1800+30"]

1. e4 e5 2. Nf3 Nc6 3. Bb5 f5 4. d3 fxe4 5. dxe4 Nf6 6. O-O Bc5 7. Qe2 d6 {[%emt 0:04:27] C63: Ruy Lopez: Schliemann/Jaenisch Defence.} 8. Qc4 Qe7 9. Be3 Bxe3 $146 {[%emt 0:03:03] The position is equal.} ({Predecessor:} 9... Be6 10. Qa4 Bd7 11. Bxc5 dxc5 12. Nc3 Nd4 13. Bxd7+ Nxd7 14. Nxd4 cxd4 15. Nb5 Qc5 {0-1 Karim,I (2288)-Inkiov,V (2523) Paris Multicoms-B 2006 (2)}) 10. Bxc6+ bxc6 11. Qxc6+ (11. fxe3 Bd7 $15) 11... Qd7 12. Qxd7+ {[%emt 0:03:22] A sharp opening} (12. Qxa8 $5 O-O 13. fxe3 $11) 12... Bxd7 (12... Kxd7 13. fxe3 Nxe4 14. h3 $17) 13. fxe3 Nxe4 14. Nbd2 Nf6 15. c4 Rb8 16. b3 c5 17. Nh4 Ng4 (17... a5 $15) 18. Rae1 (18. Ne4 $14 Ke7 19. Rf3) 18... Rf8 $11 19. Rxf8+ Kxf8 20. h3 Nf6 $36 {[%emt 0:00:34][%mdl 2048] Black has the initiative.} 21. Rf1 Ke7 22. Nf5+ Bxf5 23. Rxf5 {[%emt 0:00:05][%mdl 4096] Endgame KRN-KRN} Ke6 24. g4 (24. Rf1 $11) 24... a5 ({Black should try} 24... h5 $1 $17 25. Rf3 hxg4 26. hxg4 e4 (26... Nxg4 27. Rg3 $11)) 25. a4 {[%emt 0:03:43] [#]} (25. Rf1 $11) 25... h5 $1 $17 26. Rg5 hxg4 27. Rxg7 gxh3 28. Kh2 $2 (28. Rg3 $17) 28... Rh8 $2 (28... Kf5 $1 $19 {and Black stays clearly on top. And now ...Ne4 would win.} 29. Kxh3 Ne4) 29. Rg3 Kf5 30. Rf3+ Ke6 31. Rg3 {[%emt 0:00:18] Dodges Ng4+} Rh6 32. e4 {[%emt 0:00:59] [#]} Rh4 $1 33. Rxh3 Rf4 {[%emt 0:00:21] Black is more active.} 34. Kg3 {[%emt 0:01:26] Prevents Rf2} Nxe4+ 35. Nxe4 Rxe4 {[%emt 0:00:03] KR-KR. Black is a pawn up.} 36. Kf3 {[%emt 0:04:05] Wards off Re3+} Rf4+ 37. Ke3 Rg4 38. Kf3 ({White should try} 38. Rh6+ $15 Ke7 39. Kf3 Rf4+ 40. Ke3) 38... Kf5 39. Rh8 $2 {[%emt 0:01:30][%mdl 8192] [#]} (39. Ke3 $17 {nothing else works.}) 39... e4+ $1 $19 {[%emt 0:01:29] Black is clearly winning.} 40. Kf2 Rg6 41. Re8 Kf4 42. Re7 {[%emt 0:00:43] [#]} e3+ $1 43. Ke2 Rg2+ 44. Kd3 Rd2+ {[%emt 0:00:26] Weighted Error Value: White=0.52/Black=0.18 (very precise)   Loses game:     	White=2     	---        Missed win:     	---       	Black=1      Mistake:       	White=4     	Black=2      Inaccurate:     	White=2     	---        OK:         	White=14    	Black=12     Best:        	White=5     	Black=4      Strong:       	---       	Black=2      Brilliant:      	---       	Black=1} 0-1

[Event "FIDE WSTC Open 50 2025"]
[Site "Prague"]
[Date "2025.02.18"]
[Round "2.21"]
[White "Bryson, Douglas M"]
[Black "Ftacnik, Lubomir"]
[Result "1/2-1/2"]
[Annotator "TA"]
[ECO "B81"]
[WhiteElo "2295"]
[BlackElo "2438"]
[PlyCount "65"]
[EventDate "2025.02.17"]
[EventType "team-tourn"]
[EventCountry "CZE"]
[SourceTitle "playchess.com"]
[Source "ChessBase"]
[SourceQuality "1"]
[TimeControl "40/5400+30:1800+30"]

1. e4 c5 2. Nf3 d6 3. d4 cxd4 4. Nxd4 Nf6 5. Nc3 e6 6. g4 h6 7. h4 Nc6 8. Rg1 d5 9. exd5 Nxd5 10. Nxd5 exd5 11. Bb5 Bd7 12. Qe2+ {[%emt 0:05:30] B81: Sicilian Scheveningen: Keres Attack.} Be7 13. Bxc6 bxc6 14. Nf5 Bxf5 15. gxf5 Kf8 16. Be3 (16. Bf4 $15) 16... Qa5+ (16... Bxh4 $17 17. O-O-O Bf6) 17. Bd2 $11 Bb4 {[%emt 0:01:55] [#] and ...Re8 should not be overlooked. A sharp opening} 18. O-O-O $36 {[%emt 0:00:59][%mdl 2048] Strongly threatening Qe5. White has the initiative.} Bxd2+ 19. Qxd2 Qxd2+ ({Don't play} 19... Qxa2 $6 20. Qc3 d4 (20... Qa1+ $2 21. Kd2 $18) 21. Qb4+ (21. Qxd4 Qa1+ 22. Kd2 Qa5+ 23. Ke2 Re8+ 24. Kf1 Rh7 $16) 21... Kg8 22. f6 $16 (22. Qxd4 Qa1+ 23. Kd2 Qa5+ 24. Kc1 Qa1+ 25. Kd2 Qa5+ 26. Kc1 Qa1+ $14)) 20. Rxd2 $146 {[%emt 0:01:01][%mdl 4096] Endgame KRR-KRR} (20. Kxd2 Re8 21. Rde1 Rxe1 22. Rxe1 h5 23. Re5 Rh6 24. Ke3 Rf6 25. b4 g6 26. fxg6 fxg6 27. c3 Kf7 28. a4 Kf8 29. b5 {½-½ Manik,M (2420)-Ftacnik,L (2553) SVK-chT 0708 2007 (4)}) 20... Ke7 21. Rxg7 Kf6 22. Rg3 Rhe8 23. Rc3 Rac8 24. Kd1 Kxf5 25. Rd4 Ke6 (25... Re4 $11 {remains equal.} 26. Rxe4 Kxe4) 26. Ke2 {[%emt 0:06:33] White is more active.} (26. Re3+ $16 Kd6 27. Rf3) 26... Kd6+ 27. Kf3 f5 {[%emt 0:03:37] The position is equal.} 28. Rf4 Re5 29. Ra3 Rc7 30. Rfa4 Ree7 31. Rf4 Re5 32. Rfa4 Ree7 33. Rf4 {Weighted Error Value: White=0.16 (very precise) /Black=0.17 (very precise)   Mistake:       	White=2     	Black=2      Inaccurate:     	White=3     	Black=1      OK:         	White=3     	Black=6      Best:        	White=2     	Black=2} 1/2-1/2

[Event "FIDE WSTC Open 50 2025"]
[Site "Prague"]
[Date "2025.02.18"]
[Round "2.22"]
[White "Mrva, Martin"]
[Black "Mitchell, Martin"]
[Result "1-0"]
[Annotator "TA"]
[ECO "B08"]
[WhiteElo "2394"]
[BlackElo "2143"]
[PlyCount "119"]
[EventDate "2025.02.17"]
[EventType "team-tourn"]
[EventCountry "CZE"]
[SourceTitle "playchess.com"]
[Source "ChessBase"]
[SourceQuality "1"]
[TimeControl "40/5400+30:1800+30"]

1. e4 d6 2. d4 Nf6 3. Nc3 g6 4. Nf3 Bg7 5. Be2 O-O 6. O-O Nc6 7. d5 Nb8 8. Be3 c6 9. a4 {[%emt 0:01:26][%cal Ba2a4,Ba4a5][%mdl 32] B08: Pirc Defence: Classical System.} cxd5 10. exd5 Bg4 11. a5 {[%emt 0:02:31] White is slightly better.} Na6 12. h3 $146 ({Predecessor:} 12. Nb5 Nc7 13. Nxc7 Qxc7 14. h3 Bxf3 15. Bxf3 Nd7 16. c3 Rfc8 17. Be2 a6 18. Re1 {1-0 Pierrot,J (2406)-Romanelli,G (2027) Villa Ballester 70th op 2020 (2.2)}) 12... Bf5 13. Nd4 Bd7 14. f4 Nc5 15. Bf3 Rc8 16. Ra3 Qc7 17. Qd2 Bf5 18. g4 Bd7 19. f5 (19. Rf2 $16) 19... gxf5 $14 20. gxf5 Kh8 21. Kh1 Rg8 22. Rg1 Ne8 (22... Rcf8 $14) 23. Raa1 {[%emt 0:00:50] White is more active.} e5 $2 (23... Be5 $16 {might work better.}) 24. fxe6 fxe6 25. dxe6 Nxe6 26. Nd5 Qd8 27. Nf5 {[%emt 0:03:47][%cal Oa1f1] Dodges Qh4} Bc6 (27... Rf8 $16) 28. Raf1 $18 (28. Bxa7 Rf8 29. Nxg7 Qh4 $15) 28... Rf8 29. Bg2 Rf7 $2 {[%emt 0:04:21][%mdl 8192] This move loses the game for Black.} (29... Be5 $16) 30. c4 ({Don't do} 30. Bxa7 N8c7 31. c4 Qf8 $18) 30... a6 $2 (30... Qd7 31. Bxa7 Rd8) 31. Qe2 Be5 32. Qh5 Qd7 33. Nb6 (33. Nh6 $142 Rxf1 34. Rxf1) 33... Qc7 (33... N6g7) 34. Nxc8 N8g7 35. Nxg7 Bxg2+ 36. Kxg2 Qc6+ (36... Rxg7+ $142 37. Kh1 Qxc8 38. Rxg7 Nxg7) 37. Rf3 Rxg7+ 38. Kh1 {[%emt 0:00:15] [#]} Qxc8 39. Rxg7 Bxg7 40. Bh6 {[%emt 0:01:06] Hoping for Bxg7+.} Bxb2 41. Qd5 Bg7 42. Bxg7+ Kxg7 43. Qxd6 {[%emt 0:00:00][%mdl 4096] Endgame KQR-KQN} (43. Qf5 $142 Qd7 44. Rg3+ Kh6 45. Qf6+ Kh5 46. Rg4 Qc6+ 47. Kh2 Qg2+ 48. Kxg2 (48. Rxg2 b5 49. Rg4 bxc4 50. Rh4#) 48... Nf4+ 49. Qxf4 h6 50. Qf7#) 43... h6 44. Qe7+ Kg8 45. Qf7+ Kh8 46. Qg6 (46. Rg3 $142 Qc6+ 47. Kh2) 46... Qxc4 47. Qxh6+ Kg8 48. Qg6+ Ng7 49. Qg5 $2 (49. Rg3 {mates} Qd4 50. Qg5 Kh8 51. Qc1 b5 52. Rg4 Qd5+ 53. Rg2 Qe5 54. Qg5) 49... Kh7 $2 (49... Qe4 $18) 50. Rg3 Qf1+ 51. Kh2 Qf2+ 52. Rg2 Qd4 53. Re2 (53. Qxg7+ $142 Qxg7 54. Rxg7+ Kxg7 55. Kg3 Kf6 56. Kf4 Kg6 57. Ke5 Kh5 58. Kd6) 53... Kh8 (53... b5 $18 54. Qe5 Qd7) 54. Qe5 {[%emt 0:00:00] White mates.} Qd7 55. Rg2 Kh7 {[%emt 0:00:18] [#]} 56. Rxg7+ $1 Qxg7 57. Qxg7+ Kxg7 58. Kg3 Kg6 59. Kf4 Kh5 60. Ke5 {[%emt 0:00:00] Weighted Error Value: White=0.69/Black=1.06  Loses game:     	---       	Black=2      Mistake:       	White=2     	Black=5      Inaccurate:     	White=2     	Black=2      OK:         	White=11    	Black=12     Best:        	White=1     	Black=2} 1-0

[Event "FIDE WSTC Open 50 2025"]
[Site "Prague"]
[Date "2025.02.18"]
[Round "2.23"]
[White "Minnican, Alan"]
[Black "Lipka, Juraj"]
[Result "0-1"]
[Annotator "TA"]
[ECO "D02"]
[WhiteElo "2039"]
[BlackElo "2348"]
[PlyCount "76"]
[EventDate "2025.02.17"]
[EventType "team-tourn"]
[EventCountry "CZE"]
[SourceTitle "playchess.com"]
[Source "ChessBase"]
[SourceQuality "1"]
[TimeControl "40/5400+30:1800+30"]

1. d4 d5 2. Nf3 Nf6 3. Bf4 c5 4. e3 Nc6 5. Nbd2 Nh5 6. Be5 {[%emt 0:05:59] D02: 1 d4 d5 2 Nf3 sidelines, including 2...Nf6 3 g3 and 2...Nf6 3 Bf4.} f6 7. Bg3 (7. c4 $5) 7... g6 8. c3 {[%emt 0:07:20] The position is equal.} cxd4 9. cxd4 Bg7 $146 (9... e5 10. dxe5 Nxg3 11. hxg3 fxe5 12. Bb5 e4 13. Nd4 Bd7 14. N2b3 Bb4+ 15. Kf1 O-O {0-1 Le,T (2514)-Vokhidov,S (2536) Titled Tuesday intern op 31st May Early blitz 2022 (6)}) 10. a3 (10. Bh4) 10... O-O $11 11. b4 a6 (11... e5 $17) 12. Be2 (12. Bh4 $5) 12... e5 13. Nb3 (13. dxe5 $11 {is more appropriate.} fxe5 14. e4) 13... Nxg3 14. hxg3 e4 $1 15. Nfd2 f5 16. Nc5 Ne7 17. Qb3 b6 18. Na4 Qd6 19. Nc3 Be6 20. Rc1 g5 21. Qd1 h6 22. Nf1 Rfc8 23. f4 (23. Nh2 $17 {was necessary.}) 23... exf3 $1 $19 24. gxf3 f4 25. gxf4 gxf4 26. e4 dxe4 27. Nxe4 Qxd4 {[%emt 0:03:34] Black attacks} (27... Qd8 $19 {Strongly threatening ...Nf5.} 28. Rxc8 Qxc8 (28... Rxc8 29. Bxa6 Ra8 30. Be2 $19)) 28. Rxc8+ $11 Rxc8 (28... Bxc8 {simplifies} 29. Qxd4 Bxd4 30. Rxh6 b5) 29. Qxd4 Bxd4 {[%emt 0:00:20] A strong pair of Bishops.} 30. Rxh6 Bb3 31. Rd6 {[%emt 0:01:28] [#]} (31. Bxa6 $11 Rc1+ 32. Ke2) 31... Nf5 $1 $17 32. Rd7 {[%emt 0:00:20] [#]} ({White should play} 32. Rg6+ Kh7 33. Rg4) 32... Be6 ({Black should play} 32... Rc1+ $1 33. Kd2 Rc2+ 34. Kd3 Ra2) 33. Ra7 Ne3 (33... Rc1+ $17 34. Kd2 Bb2 35. Ra8+ Kg7 36. Ra7+ Kg8) 34. Nxe3 $11 fxe3 35. Bd3 Rc1+ 36. Ke2 Bb3 37. Ra8+ Kg7 {[%emt 0:00:15] ( -> ...Bd1+)} 38. Ng5 $2 (38. Ra7+ $15 Kf8 39. Bxa6 (39. Ra8+ $2 Ke7 $19)) 38... Bd1+ {[%emt 0:00:12] Weighted Error Value: White=0.41/Black=0.22 (precise)   Loses game:     	White=1     	---        Mistake:       	White=5     	Black=4      Inaccurate:     	White=6     	Black=3      OK:         	White=6     	Black=11     Best:        	White=4     	Black=2      Strong:       	---       	Black=2} 0-1

[Event "FIDE WSTC Open 50 2025"]
[Site "Prague"]
[Date "2025.02.18"]
[Round "2.24"]
[White "Motuz, Karol"]
[Black "Hulme, William"]
[Result "1-0"]
[Annotator "TA"]
[ECO "C77"]
[WhiteElo "2293"]
[BlackElo "1909"]
[PlyCount "81"]
[EventDate "2025.02.17"]
[EventType "team-tourn"]
[EventCountry "CZE"]
[SourceTitle "playchess.com"]
[Source "ChessBase"]
[SourceQuality "1"]
[TimeControl "40/5400+30:1800+30"]

1. e4 e5 2. Nf3 Nc6 3. Bb5 a6 4. Ba4 Nf6 5. d3 Bc5 6. c3 d6 7. O-O h6 {[%emt 0:02:34] C78: Ruy Lopez: Archangelsk and Möller Defences.} (7... O-O $11) 8. Re1 (8. d4 $14 Ba7 9. dxe5 Nxe4 10. Nd4) 8... b5 $11 9. Bc2 O-O {[%emt 0:02:07] The position is equal.} 10. a4 Rb8 $146 (10... Bb7 11. Nbd2 Re8 12. Nf1 d5 13. exd5 Qxd5 14. Ng3 Qd7 15. Nh4 Ne7 16. h3 Qd6 {1-0 Firouzja,A (2728)-Warmerdam,M (2506) Titled Tuesday intern op 11th Aug blitz 2020 (2)}) 11. axb5 axb5 12. h3 Re8 13. Nbd2 d5 14. exd5 Qxd5 15. Qe2 {[%emt 0:04:47] A sharp opening} Bf5 16. Ne4 Be7 17. Nh4 Bh7 18. Qf3 Qd7 {[%emt 0:11:37] and ...Nxe4 should not be overlooked} 19. Ng3 (19. Bb3 {keeps more tension.} b4 20. Bc4 Rf8 21. Qg3) 19... Nd5 (19... e4 $11 20. dxe4 Ne5) 20. Nhf5 $14 {[%emt 0:02:11] Qg4 is the strong threat.} Rbd8 {[%emt 0:10:46] [#]} ({Black should play} 20... Bf8) 21. Bxh6 $1 $16 {[%emt 0:11:10][%mdl 512] White is more active.} Bf8 22. Bg5 f6 23. Bd2 $36 {[%emt 0:00:36][%mdl 2048] White is in control.} Nce7 24. Nxe7+ Nxe7 (24... Bxe7 $16 25. Bb3 Bg6) 25. Ne4 Nd5 26. Rad1 (26. d4 $18) 26... Bf5 {[%emt 0:02:14] Loses the game.} (26... Qf5 $16) 27. d4 $18 exd4 {[%emt 0:02:41] [#]} 28. Nxf6+ $1 Nxf6 29. Bxf5 Qd5 30. Qxd5+ Nxd5 31. cxd4 Bb4 32. Be6+ Kf8 33. Bxd5 Rxe1+ 34. Bxe1 Bxe1 35. Rxe1 Rxd5 {[%emt 0:00:04][%mdl 4096] Endgame KR-KR. White is two pawns up.} 36. Re5 Rxd4 37. Rxb5 Rd1+ 38. Kh2 Ke7 (38... c6 $142 39. Rb8+ Kf7) 39. g4 Rd2 40. Kg3 Rc2 41. h4 {[%emt 0:31:25] Weighted Error Value: White=0.14 (very precise) /Black=0.29 (precise)   Mistake:       	White=2     	Black=5      Inaccurate:     	White=1     	Black=2      OK:         	White=15    	Black=10     Best:        	White=1     	Black=1      Brilliant:      	White=1     	---} 1-0

[Event "FIDE WSTC Open 50 2025"]
[Site "Prague"]
[Date "2025.02.18"]
[Round "2.25"]
[White "Haba, Petr"]
[Black "Titscher, Libor"]
[Result "0-1"]
[Annotator "TA"]
[ECO "B30"]
[WhiteElo "2442"]
[BlackElo "2147"]
[PlyCount "34"]
[EventDate "2025.02.17"]
[EventType "team-tourn"]
[EventCountry "CZE"]
[SourceTitle "playchess.com"]
[Source "ChessBase"]
[SourceQuality "1"]
[TimeControl "40/5400+30:1800+30"]

1. e4 c5 2. Nf3 Nc6 3. c3 e5 4. Bc4 Qc7 5. O-O Be7 6. Na3 {[%emt 0:02:50] B22: Sicilian: 2 c3.} Nf6 7. d4 cxd4 8. cxd4 $146 (8. Nb5 $14 Qd8 9. cxd4) (8. Nb5 Qb8 9. cxd4 a6 10. dxe5 Nxe5 11. Nxe5 Qxe5 12. Nc3 O-O 13. Nd5 Nxd5 14. Bxd5 {1-0 Burnett,A (2147)-Titscher,L (2147) WchT Seniors 50 2025 (7.1)}) 8... Bxa3 $11 9. bxa3 Nxd4 {[%emt 0:00:33] [#]} 10. Nxe5 {[%emt 0:28:15][%mdl 8192] White does not recover from this.} Qxe5 $19 11. Bb2 {[%emt 0:01:09] [#]} Nf3+ 12. Qxf3 Qxb2 13. e5 {[%emt 0:04:32] [#]} d5 $1 (13... Qxe5 $2 {too greedy.} 14. Rfe1 $18 (14. Rae1 Qe6 $18)) 14. exf6 dxc4 15. Rae1+ Be6 {[%emt 0:02:04] Black is clearly winning.} 16. fxg7 Qxg7 17. Qxb7 {[%emt 0:00:16] Rxe6+ would kill now.} O-O {[%emt 0:01:14] Weighted Error Value: White=0.58/Black=0.01 (flawless)   Loses game:     	White=1     	---        Mistake:       	White=1     	---        Inaccurate:     	White=1     	---        OK:         	White=6     	Black=3      Best:        	---       	Black=4      Strong:       	---       	Black=1      Brilliant:      	---       	Black=1} 0-1

[Event "FIDE WSTC Open 50 2025"]
[Site "Prague"]
[Date "2025.02.18"]
[Round "2.26"]
[White "Schulenburg, Bernd"]
[Black "Jirovsky, Milos"]
[Result "1-0"]
[Annotator "TA"]
[ECO "B31"]
[WhiteElo "2144"]
[BlackElo "2410"]
[PlyCount "59"]
[EventDate "2025.02.17"]
[EventType "team-tourn"]
[EventCountry "CZE"]
[SourceTitle "playchess.com"]
[Source "ChessBase"]
[SourceQuality "1"]
[TimeControl "40/5400+30:1800+30"]

1. e4 c5 2. Nf3 Nc6 3. Bb5 g6 4. O-O Bg7 5. Re1 Nf6 6. h3 O-O 7. c3 Qb6 8. Na3 a6 9. Bxc6 {[%emt 0:01:41] B31: Sicilian: 2...Nc6 3 Bb5 g6.} Qxc6 10. d4 cxd4 11. cxd4 (11. e5 $14 {should be considered.} Nd5 12. c4) 11... d5 $146 (11... Nxe4 $6 12. d5 Nxf2 13. Kxf2 $18) ({Predecessor:} 11... d6 12. Bg5 b5 13. Rc1 Qb6 14. e5 Nd5 15. Nc2 Bb7 16. Ne3 Rfe8 17. Ng4 Nc7 {0-1 Draghici Flutur,G (2204)-Saez Gabikagogeaskoa,O (1969) La Laguna op 4th 2010 (9)}) 12. e5 Ne4 13. Ng5 b5 14. Nxe4 dxe4 15. d5 Qc5 (15... Qb7 $15 16. Bf4 Rd8) 16. Be3 $11 (16. Rxe4 Bb7 17. Nc2 Rad8 $17 (17... Qxd5 18. Qxd5 Bxd5 19. Re1 $17) (17... Bxd5 18. Be3 $15)) 16... Qb4 (16... Qc7 $15 17. d6 Qd7) 17. Nc2 Qc4 18. Bf4 Bb7 (18... e3 $1 $11 {remains equal.} 19. Bxe3 (19. Nxe3 $2 Qxf4 20. d6 Bxe5 $19) (19. fxe3 Qe4 $15) 19... Bb7) 19. Ne3 $16 Qb4 20. Re2 $36 {[%emt 0:01:30][%mdl 2048] Black is under strong pressure.} Rac8 21. a3 (21. d6 $18) 21... Qa5 22. Rc1 (22. d6 $1 $16) 22... f6 $2 {[%emt 0:08:15] [#]} ({Black should play} 22... Rxc1 $1 $14 23. Qxc1 Rc8) 23. Rxc8 $1 $18 Rxc8 $2 (23... Bxc8 24. e6 b4) 24. d6 fxe5 {[%emt 0:10:27] [#]} 25. Nd5 Qd8 (25... exf4 $2 26. Nxe7+ Kh8 27. Nxc8 $18) (25... Kf7 $16 {is a better chance.}) 26. Nxe7+ Kh8 27. Bg5 ({Inferior is} 27. d7 Rc7 28. Bg5 (28. Nxg6+ $2 hxg6 29. Be3 Rxd7 $19) 28... Rxd7 $19 (28... Qxd7 $2 {is the wrong capture.} 29. Rd2 $18)) 27... Qd7 28. Nxc8 {[%emt 0:00:06] Nb6 would now be deadly.} Bxc8 29. Rc2 {[%emt 0:00:29][%cal Oc2c8] Intending Rxc8+! and mate.} Qe8 {[%emt 0:01:56] [#]} 30. Rxc8 $1 {[%emt 0:00:46] Weighted Error Value: White=0.28 (precise) /Black=1.67  Loses game:     	---       	Black=2      Missed win:     	White=1     	---        Mistake:       	White=3     	Black=4      Inaccurate:     	White=2     	Black=3      OK:         	White=7     	Black=2      Best:        	White=1     	---        Strong:       	White=1     	---} 1-0

[Event "FIDE WSTC Open 50 2025"]
[Site "Prague"]
[Date "2025.02.18"]
[Round "2.27"]
[White "Zvara, Petr"]
[Black "Kuna, Ralf-Michael"]
[Result "1-0"]
[Annotator "TA"]
[ECO "C71"]
[WhiteElo "2330"]
[BlackElo "2072"]
[PlyCount "75"]
[EventDate "2025.02.17"]
[EventType "team-tourn"]
[EventCountry "CZE"]
[SourceTitle "playchess.com"]
[Source "ChessBase"]
[SourceQuality "1"]
[TimeControl "40/5400+30:1800+30"]

1. e4 e5 2. Nf3 Nc6 3. Bb5 a6 4. Ba4 d6 5. d4 exd4 6. Nxd4 Bd7 7. Bxc6 bxc6 8. O-O c5 {[%emt 0:00:49] C73: Ruy Lopez: Deferred Steinitz: 5 Bxc6+.} 9. Ne2 Nf6 10. Nbc3 Be7 {[%emt 0:00:06] The position is equal.} 11. Ng3 O-O 12. f4 Bc6 13. Qd3 $146 ({Predecessor:} 13. b3 Qd7 14. Bb2 Rab8 15. Nd5 Bxd5 16. exd5 c4 17. Qf3 Rb5 18. Rad1 cxb3 19. axb3 {1-0 Weiss,M-Judd,M Vienna 1895 (15)}) 13... Nd7 14. b3 {[%emt 0:00:43] Not much happening anymore} Bf6 15. a4 {[%emt 0:03:21] Repels Bb5} Re8 16. Be3 {[%emt 0:16:14] Wards off Bd4} (16. Re1 $15) 16... Bxc3 $17 17. Qxc3 Bxe4 18. Rae1 f5 19. Bd2 Qf6 20. Nxe4 fxe4 (20... Rxe4 {simplifies} 21. Rxe4 Qxc3 22. Bxc3 fxe4 23. Rd1 Rf8) 21. Qc4+ Qe6 {[%emt 0:00:15] [#]} 22. Rxe4 Qxc4 23. Rxc4 Re2 24. Rf2 Rae8 25. Kf1 Rxf2+ 26. Kxf2 $15 {[%emt 0:00:04][%mdl 4096] Endgame KRB-KRN} Nf6 {[%emt 0:00:26] [#] and ...d5 should not be overlooked} (26... d5 $5 27. Rc3 $8 Nf6 $11) 27. Kf3 $1 Kf7 28. g4 c6 29. Ba5 Nd7 30. Re4 Rxe4 31. Kxe4 $14 {[%emt 0:00:05] KB-KN} Nf6+ 32. Kf3 $1 g6 33. f5 d5 (33... gxf5 $14 34. gxf5 Nd5) 34. Kf4 Ne4 (34... c4 $16) 35. Ke5 $18 g5 $2 (35... gxf5 36. gxf5 h5) 36. h3 {[%emt 0:02:36] White is clearly winning.} h6 37. Bb6 Ke7 38. c4 {[%emt 0:00:32] Weighted Error Value: White=0.10 (very precise) /Black=0.34  Mistake:       	White=1     	Black=3      Inaccurate:     	White=2     	Black=3      OK:         	White=9     	Black=10     Best:        	White=2     	Black=1      Strong:       	White=2     	---} 1-0

[Event "FIDE WSTC Open 50 2025"]
[Site "Prague"]
[Date "2025.02.18"]
[Round "2.28"]
[White "Haentsch, Ralf"]
[Black "Konopka, Michal"]
[Result "1/2-1/2"]
[Annotator "TA"]
[ECO "B09"]
[WhiteElo "2087"]
[BlackElo "2326"]
[PlyCount "112"]
[EventDate "2025.02.17"]
[EventType "team-tourn"]
[EventCountry "CZE"]
[SourceTitle "playchess.com"]
[Source "ChessBase"]
[SourceQuality "1"]
[TimeControl "40/5400+30:1800+30"]

1. e4 d6 2. d4 Nf6 3. Nc3 g6 4. f4 Bg7 5. Nf3 O-O 6. Be2 c5 7. dxc5 Qa5 $1 8. Qd3 {[%emt 0:17:48] B09: Pirc Defence: Austrian Attack.} (8. cxd6 Nxe4 9. dxe7 Re8) (8. Nd2 $11) 8... Qxc5 (8... Nxe4 $1 $17 {...Bf5 would now be deadly.} 9. Qxe4 Bxc3+ (9... dxc5 $2 10. Bd2 $18) 10. Kf2 Qxc5+ 11. Be3 Qb4 12. Qxe7 Bxb2 (12... Qxb2 13. Qxd6 Re8 14. Rhb1 $11)) 9. Be3 $11 Qa5 10. O-O-O Nc6 $146 (10... Ng4 11. Nd5 Nc6 12. a3 Nxe3 13. Qxe3 Be6 14. h4 Rac8 15. h5 Qc5 16. Qd3 Bxd5 17. exd5 {1-0 Brereton,J (1310)-Gregg,T (1367) Kalamazoo op1 2003 (3.2)}) 11. Qb5 {[%emt 0:08:19] Against Nb4} Be6 ({Black should try} 11... Qxb5 $11 12. Bxb5 Bg4) 12. Qxa5 $14 (12. Qxb7 $2 Nxe4 13. Nd4 Nxc3 14. bxc3 Rab8 (14... Qxc3 $2 15. Rd3 $19) 15. Qxc6 Rfc8 $19 (15... Qxa2 16. Kd2 $16) (15... Bxa2 $2 16. Bd3 $19)) 12... Nxa5 13. Nd4 Bc4 {[%emt 0:03:56] [#]} (13... Nc4 $11 {remains equal.} 14. Bg1 Rfc8) 14. Bf3 $1 $16 Ba6 15. Ndb5 (15. e5 $16 Ne8 16. exd6 Nxd6 17. Bf2) 15... Nc4 16. Bd4 (16. Bxa7 Nh5 17. b3 Bxb5 18. Nxb5 Na3 19. Nxa3 Rxa7 $19) ({White should try} 16. Bg1 $14) 16... Bh6 $15 17. Nc7 ({Much worse is} 17. Nxa7 Bxf4+ 18. Kb1 e5 $17) 17... Bxf4+ 18. Kb1 {[%emt 0:00:03] [#]} Be5 19. Nxa8 $16 Rxa8 20. Bxe5 (20. Be2 $16) 20... Nxe5 $14 21. Rhe1 Bc4 22. b3 Be6 23. Nb5 Bd7 24. Nc7 Rc8 25. Nd5 Nxd5 26. Rxd5 Kg7 27. Kb2 g5 28. c4 Be6 29. Rd2 Kg6 30. Bd1 h5 31. Bc2 g4 32. Rf2 f6 33. Re3 {[%emt 0:01:08] [#]} Bxc4 $1 34. Rc3 Be6 35. Rxc8 Bxc8 $11 {[%emt 0:00:05][%mdl 4096] Endgame KRB-KBN} 36. Kc3 h4 37. g3 Kg5 38. Kd4 Be6 39. Ke3 Bd7 40. Kd4 Be6 41. Ke3 h3 42. Bd1 Bd7 43. Rc2 Bc6 44. Rf2 e6 45. Rd2 d5 46. exd5 Bxd5 47. Rc2 Nc6 48. Rd2 f5 49. Be2 Ne5 50. Rc2 Bc6 51. Rd2 Ng6 52. Bc4 {[%emt 0:00:00] The position is equal.} f4+ 53. gxf4+ Nxf4 54. Kf2 e5 55. Rd8 Nh5 56. Bd5 Nf6 {[%emt 0:00:42] Weighted Error Value: White=0.14 (very precise) /Black=0.18 (very precise)   Mistake:       	White=3     	Black=4      Inaccurate:     	White=5     	Black=2      OK:         	White=20    	Black=14     Best:        	White=3     	---        Strong:       	White=1     	---} 1/2-1/2